 Dungeon Crawl Stone Soup version 0.31-a0-662-g684573625c (webtiles) character file.

Game seed: 15486010166862264683

228 Pooter the Ruffian (level 5, 0/50 HPs)
             Began as a Troll Shapeshifter on Aug 31, 2023.
             Was a Believer of Trog.
             Slain by an orc wizard
             ... wielding a +2 dagger of venom
              (2 damage)
             ... on level 4 of the Dungeon.
             The game lasted 00:13:06 (1764 turns).

Pooter the Ruffian (Troll Shapeshifter)             Turns: 1764, Time: 00:13:07

Health: 0/50       AC:  4    Str: 24    XL:     5   Next: 71%
Magic:  4/4        EV:  9    Int:  6    God:    Trog [**....]
Gold:   180        SH:  0    Dex:  9    Spells: 4/4 levels left

rFire   . .          .
                       - Unarmed
rCold   . . .        (no shield)
rNeg    + . .        a - +0 animal skin
rPois   .            (helmet currently unavailable)
rElec   .            (cloak currently unavailable)
rCorr   .            (gloves unavailable)
SInv    .            (boots unavailable)
Will    .....        l - amulet of Vitality {RegenMP++ Regen++}
Stlth   +            N - ring of positive energy
HPRegen 2.68/turn    (no ring)
MPRegen 0.89/turn

%: no passive effects
@: lethally poisoned (0 -> -3), beast-form, on berserk cooldown, slowed, very
slow
A: beast (slay +2), large, unfitting armour, claws 3, regeneration 1, shaggy fur
1, tough skin 1
a: Begin Untransformation, Renounce Religion, Berserk, Trog's Hand


You were on level 4 of the Dungeon.
You worshipped Trog.
Trog was pleased with you.
You were a hulking beast.
You visited 1 branch of the dungeon, and saw 4 of its levels.

You collected 180 gold pieces.

Inventory:

Missiles
 n - a poisoned dart
 Q - 6 stones (quivered)
Armour
 a - a +0 animal skin (worn)
Jewellery
 l - the amulet of Vitality (around neck) {RegenMP++ Regen++}
   (You found it on level 2 of the Dungeon)

   [amulet of magic regeneration]

   RegenMP:   It increases your rate of magic regeneration.
   Regen++:   It increases your rate of health regeneration.
 N - a ring of positive energy (left claw)
   (You found it on level 2 of the Dungeon)
Talismans
 c - a beast talisman (active)
 d - a flux talisman
Scrolls
 f - a scroll of vulnerability {unknown}
 i - a scroll of teleportation {unknown}
 k - a scroll of fog
 m - a scroll of amnesia {unknown}
 o - a scroll of blinking
 p - a scroll of identify {unknown}
Potions
 b - 3 potions of lignification {!q}
 e - 2 potions of haste {unknown}
 g - 2 potions of heal wounds {unknown}
 h - 2 potions of enlightenment {unknown}
 j - 3 potions of curing {unknown}


   Skills:
 + Level 2.3 Fighting
 - Level 1.5 Dodging
 * Level 5.0 Unarmed Combat
 + Level 4.0 Shapeshifting


You had 4 spell levels left.
You didn't know any spells.
Your spell library was empty.

Dungeon Overview and Level Annotations

Branches:
Dungeon (4/15) Zot: 22242
 Temple: D:4-7

Altars:
Cheibriados
Fedhas
Gozag
Trog
Wu Jian

Annotations:
D:3 3 runed translucent doors, Loveship's ghost, amateur MiBe


Innate Abilities, Weirdness & Mutations

You are a hulking beast.
Your limbs bulge with bestial killing power. (Slay +2)
You are too large for most types of armour.
You have claws for hands.
Your natural rate of healing is unusually fast.
You are covered in fur. (AC +1)
You have tough skin. (AC +1)


Message History

The orc shouts!
You miss something.
You feel sick. The orc hits you with a +0 short sword. Something hits you.
You are more poisoned.
The orc throws a boomerang.
The boomerang barely misses you.
The orc priest casts a cantrip, but nothing happens.
The hobgoblin closely misses you.
You barely miss the orc.
You feel the effects of Trog's Hand fading.
You feel very sick. The orc hits you but does no damage.
You hear some strange, mumbled words.
A magic dart appears from out of thin air!
The magic dart hits you! The hobgoblin hits you.
You scratch the orc.
You feel very sick. The orc hits you but does no damage. Something hits you.
* * * LOW HITPOINT WARNING * * *
You are more poisoned.
The orc priest calls upon Beogh to heal the orc.
The orc is healed somewhat.
The hobgoblin barely misses you. The orc hits you with a +0 short sword.
* * * LOW HITPOINT WARNING * * *
Something hits you.
* * * LOW HITPOINT WARNING * * *
You are more poisoned.
The hobgoblin barely misses you.
You claw the orc!
You kill the orc!
Trog accepts your kill.
You feel extremely sick. Something hits you.
* * * LOW HITPOINT WARNING * * *
You are more poisoned.
The hobgoblin barely misses you.
Your Shapeshifting skill increases to level 4!
You mangle the orc priest!!
You kill the orc priest!
Trog accepts your kill.
Your skin stops crawling.
You feel less strong-willed.
You feel extremely sick. Something hits you.
* * * LOW HITPOINT WARNING * * *
The hobgoblin hits you.
* * * LOW HITPOINT WARNING * * *
The orc hits you with a +0 flail.
* * * LOW HITPOINT WARNING * * *
Something hits you.
You die...

........./...
............
...........#####
..(........#...#######
...(.......#.........#
....(......#.........#
...........#.........#
.......)g{o#'####...##
#########h##...##<..##
#.............#
#...........".#
#.............#
#...).........#
###############


You could see an orc and a hobgoblin.

Vanquished Creatures
  An ogre (D:4)
  2 orc priests
  3 adders (D:3)
  5 worms (D:3)
  2 dart slugs (D:1)
  10 orcs
  2 ball pythons
  4 bats
  4 endoplasms (D:1)
  5 giant cockroaches
  2 goblins
  8 hobgoblins
  3 kobolds (D:1)
  3 quokkas
  2 frilled lizards
  7 rats
63 creatures vanquished.

Notes
Turn   | Place    | Note
-------+----------+-------------------------------------------
     0 | D:1      | Pooter the Troll Shapeshifter began the quest for the Orb.
     0 | D:1      | Reached XP level 1. HP: 18/18 MP: 0/0
    65 | D:1      | Reached skill level 1 in Fighting
   137 | D:1      | Reached XP level 2. HP: 25/27 MP: 1/1
   165 | D:1      | Found a faded altar of an unknown god.
   173 | D:1      | Prayed at the altar of an unknown god.
   173 | D:1      | Became a worshipper of Trog the Wrathful
   173 | D:1      | Reached * piety under Trog
   413 | D:1      | Reached XP level 3. HP: 33/33 MP: 2/2
   684 | D:2      | Found the amulet of Vitality {RegenMP++ Regen++}
   932 | D:2      | Reached ** piety under Trog
  1049 | D:2      | Found an ornate altar of the Wu Jian Council.
  1198 | D:3      | Found a snail-covered altar of Cheibriados.
  1236 | D:3      | Reached skill level 4 in Unarmed Combat
  1281 | D:3      | Reached XP level 4. HP: 41/41 MP: 3/3
  1397 | D:3      | Found an opulent altar of Gozag.
  1437 | D:3      | Found a runed translucent gate.
  1437 | D:3      | Found a runed translucent gate.
  1437 | D:3      | Found a runed translucent gate.
  1447 | D:3      | Noticed Loveship's ghost (amateur MiBe)
  1458 | D:3      | Reached XP level 5. HP: 49/49 MP: 4/4
  1539 | D:3      | Found a blossoming altar of Fedhas.
  1743 | D:4      | Noticed an ogre
  1751 | D:4      | Killed an ogre
  1752 | D:4      | Reached skill level 5 in Unarmed Combat
  1764 | D:4      | HP: 2/50 [orc/+0 flail (5)]
  1764 | D:4      | Slain by an orc wizard

Illustrated notes

Levels and vault maps discovered:
D:1:      minmay_arrival_loop, layout_loops_ring, shapermc_ecumenical_altar_venn
D:2:      layout_basic, basic_altar, chequers_garden
D:3:      layout_rooms, mainiacjoe_overflow_tiny_flanked, fedhas_altar_3,
          cheibriados_altar_1, gammafunk_ghost_necromancy, serial_glass,
          glass_columns_b, glass_columns_a, nicolae_wormholes
D:4:      layout_gridville, uniq_robin, uniq_crazy_yiuf_cottage

Skill      XL: |  1  2  3  4  5 |
---------------+----------------+-----
Fighting       | 1 2 |  2.3
Unarmed Combat | 4 5 |  5.0
Shapeshifting  | 4 |  4.0
Dodging        | |  1.5

Action                     |  1- 3 |  4- 6 || total
---------------------------+-------+-------++-------
  Melee: Unarmed           |    84 |    52 ||   136
         Punch             |     2 |       ||     2
  Throw: Stone             |       |    14 ||    14
         Dart              |       |     3 ||     3
 Invoke: Trog's Hand       |     1 |     1 ||     2
         Berserk           |       |     1 ||     1
    Use: Scroll            |       |     2 ||     2
 Armour: Animal skin       |    39 |    38 ||    77
  Dodge: Dodged            |    33 |    17 ||    50
         Form:             |     1 |       ||     1
         Beast             |     1 |       ||     1
         Flux              |     1 |       ||     1

Table legend: (Time is in decaauts)
 A = Elapsed time spent in this place.
 B = Non-inter-level travel time spent in this place.
 C = Inter-level travel time spent in this place.
 D = Time resting spent in this place.
 E = Time spent auto-exploring this place.
 F = Levels seen in this place.
 G = Mean time per level.
                   A        B        C        D        E       F      G
               +--------+--------+--------+--------+--------+-----+--------+
         Total |   1756 |   1687 |     69 |     13 |   1236 |   4 |  439.0 |
       Dungeon |   1756 |   1687 |     69 |     13 |   1236 |   4 |  439.0 |
               +--------+--------+--------+--------+--------+-----+--------+

Top non-repeatable levels by time:
     D:1: 667 daAuts
     D:2: 524 daAuts
     D:3: 517 daAuts
     D:4: 46 daAuts
